 Dungeon Sprint DCSS version 0.21.1-1-g345015f (webtiles) character file.

1455 Fang the Fighter (level 8, -4/89 HPs)
             Began as a Minotaur Berserker on May 31, 2018.
             Was a High Priest of Trog.
             Slain by an unseen horror (6 damage)
             ... in the Dungeon (Sprint IX: "|||||||||||||||||||||||||||||").
             The game lasted 00:01:00 (483 turns).

Fang the Fighter (Minotaur Berserker)                Turns: 483, Time: 00:01:01

Health: -4/89      AC:  4    Str: 25    XL:     8   Next: 47%
Magic:  2/2        EV: 16    Int:  4    God:    Trog [*****.]
Gold:   0          SH:  0    Dex: 12    Spells: 7/7 levels left

rFire    . . .     SeeInvis .   j - +4 battleaxe (antimagic)
rCold    . . .     Gourm    .   (shield currently unavailable)
rNeg     . . .     Faith    .   b - +0 animal skin
rPois    .         Spirit   .   (helmet restricted)
rElec    .         Reflect  .   (no cloak)
rCorr    .         Harm     .   (no gloves)
MR       .....     NoTele   +   (no boots)
Stlth    +.........             (no amulet)
HPRegen  0.24/turn              o - +2 ring of protection
MPRegen  0.08/turn              p - +3 ring of dexterity

@: berserk cooldown
A: retaliatory headbutt, horns 2
a: Berserk, Trog's Hand, Brothers in Arms, Burn Spellbooks, Renounce Religion


You were in the Dungeon.
You worshipped Trog.
Trog was extremely pleased with you.
You were near starving.

You visited 1 branch

Inventory:

Hand Weapons
 a - a +0 hand axe
 j - a +4 antimagic battleaxe (weapon)
 n - a +3 war axe of freezing
Armour
 b - a +0 animal skin (worn)
Jewellery
 o - a +2 ring of protection (left hand)
 p - a +3 ring of dexterity (right hand)
Wands
 m - a wand of acid (10)
Scrolls
 i - 2 scrolls of blinking
 l - 3 scrolls of remove curse
Potions
 d - 5 potions of curing
 e - 3 potions of heal wounds
 f - a potion of haste
 g - 4 potions of magic
 h - a potion of berserk rage
 k - a potion of invisibility
Comestibles
 c - a ration


   Skills:
 + Level 14.1 Fighting
 + Level 14.0 Axes
 + Level 6.8 Armour
 + Level 8.0 Dodging


You had 7 spell levels left.
You didn't know any spells.

Dungeon Overview and Level Annotations

Branches:
Dungeon (1/1)

Altars:
Cheibriados
Dithmenos
Elyvilon
Fedhas
Gozag
Hepliaklqana
Kikubaaqudgha
Makhleb
Nemelex Xobeh
Okawaru
Qazlal
Ru
Sif Muna
Trog
Uskayaw
Vehumet
Wu Jian
Xom
Yredelemnul
Zin
The Shining One
Beogh
Jiyva
Lugonu


Innate Abilities, Weirdness & Mutations

You reflexively headbutt those who attack you in melee.
You have a pair of horns on your head.


Message History

Things that are here:
an uncursed shortbow; 14 arrows You miss something.
Something hits you. Something hits you. Something hits you!
Things that are here:
a flail of venom; a plate armour You miss something.
You headbutt something. Something hits you.
* * * LOW HITPOINT WARNING * * *
Something hits you!
* * * LOW HITPOINT WARNING * * *
Something barely misses you.
Something hits you but does no damage. x2; Something hits you.
* * * LOW HITPOINT WARNING * * *
You hit something.
You feel yourself speed up. Something hits you but does no damage.
Something hits you!
* * * LOW HITPOINT WARNING * * *
Something hits you.
You die...

▓.▓
▓.▓
▓.▓
▓'▓
▓(▓
▓)▓
▓.▓
▓)▓
▓@▓
▓.▓
▓+▓


There were no monsters in sight!

Vanquished Creatures
  A troll (D)
  A slime creature (D)
  A wyvern (D)
  A yak (D)
  An orc warrior (D)
  A black bear (D)
  3 centaurs (D)
  A crimson imp (D)
  A hound (D)
  An iguana (D)
  A shadow imp (D)
  2 dart slugs (D)
  An orc (D)
  A goblin (D)
  A bat (D)
  A frilled lizard (D)
  A kobold (D)
20 creatures vanquished.

Vanquished Creatures (others)
  An unseen horror (D)
1 creature vanquished.

Grand Total: 21 creatures vanquished

Notes
Turn   | Place    | Note
-------+----------+-------------------------------------------
     0 | D        | Fang the Minotaur Berserker began the quest for the Orb.
     0 | D        | Reached XP level 1. HP: 19/19 MP: 0/0
    10 | D        | Reached ** piety under Trog
    13 | D        | Reached XP level 2. HP: 24/28 MP: 1/1
    51 | D        | Noticed a crimson imp
    57 | D        | Killed a crimson imp
    57 | D        | Reached *** piety under Trog
    57 | D        | Reached XP level 3. HP: 37/37 MP: 2/2
    63 | D        | Reached XP level 4. HP: 46/47 MP: 3/3
   108 | D        | Found a roughly hewn altar of Beogh.
   108 | D        | Found a snail-covered altar of Cheibriados.
   108 | D        | Found a shadowy altar of Dithmenos.
   108 | D        | Found a white marble altar of Elyvilon.
   108 | D        | Found a blossoming altar of Fedhas.
   108 | D        | Found an opulent altar of Gozag.
   109 | D        | Found a hazy altar of Hepliaklqana.
   110 | D        | Found a viscous altar of Jiyva.
   111 | D        | Found an ancient bone altar of Kikubaaqudgha.
   112 | D        | Found a corrupted altar of Lugonu.
   113 | D        | Found a burning altar of Makhleb.
   114 | D        | Found a sparkling altar of Nemelex Xobeh.
   115 | D        | Found an iron altar of Okawaru.
   116 | D        | Found a stormy altar of Qazlal.
   117 | D        | Found a sacrificial altar of Ru.
   118 | D        | Found a deep blue altar of Sif Muna.
   119 | D        | Found a bloodstained altar of Trog.
   120 | D        | Found a hide-covered altar of Uskayaw.
   121 | D        | Found a radiant altar of Vehumet.
   122 | D        | Found an ornate altar of the Wu Jian Council.
   123 | D        | Found a shimmering altar of Xom.
   124 | D        | Found a basalt altar of Yredelemnul.
   125 | D        | Found a glowing silver altar of Zin.
   126 | D        | Found a glowing golden altar of the Shining One.
   159 | D        | Noticed a centaur
   159 | D        | Noticed a wyvern
   159 | D        | Noticed a troll
   159 | D        | Noticed a centaur
   159 | D        | Noticed a black bear
   162 | D        | Killed a centaur
   162 | D        | Reached **** piety under Trog
   162 | D        | Reached XP level 5. HP: 56/56 MP: 4/4
   166 | D        | Killed a wyvern
   166 | D        | Reached skill level 10 in Fighting
   166 | D        | Reached skill level 10 in Axes
   166 | D        | Reached skill level 5 in Armour
   166 | D        | Reached skill level 5 in Dodging
   166 | D        | Reached XP level 6. HP: 66/67 MP: 5/5
   169 | D        | Killed a troll
   169 | D        | Reached XP level 7. HP: 55/75 MP: 6/6
   172 | D        | Reached ***** piety under Trog
   450 | D        | Noticed a yak
   450 | D        | Noticed a slime creature
   452 | D        | Killed an unseen horror
   457 | D        | Reached XP level 8. HP: 86/86 MP: 7/7
   463 | D        | Killed a slime creature
   463 | D        | Received a gift from Trog
   483 | D        | HP: 2/89 [something (8)]
   483 | D        | Slain by an unseen horror

Skill      XL: |  1  2  3  4  5  6  7  8 |
---------------+-------------------------+-----
Fighting       | 4 6 7 8 10 11 13 14 | 14.1
Axes           | 4 6 7 8 10 11 13 14 | 14.0
Armour         | 3 4 5 6 |  6.8
Dodging        | 3 4 5 6 7 8 |  8.0

Action                   |  1- 3 |  4- 6 |  7- 9 || total
-------------------------+-------+-------+-------++-------
Melee: Hand axe          |    17 |       |       ||    17
       Headbutt          |     5 |     1 |     5 ||    11
       War axe           |       |     7 |    12 ||    19
       Battleaxe         |       |       |     5 ||     5
Invok: Berserk           |     1 |     1 |     1 ||     3
Armor: Animal skin       |     1 |       |     5 ||     6
Dodge: Dodged            |     5 |     7 |    13 ||    25
